 Dungeon Crawl Stone Soup version 0.20-a0-940-g1ecfa5a (webtiles) character file.

283 Icer the Magician (level 6, 0/32 HPs)
             Began as a Deep Elf Earth Elementalist on Mar 30, 2017.
             Slain by a scorpion (2 damage)
             ... on level 4 of the Dungeon.
             The game lasted 00:16:53 (2302 turns).

Icer the Magician (Deep Elf Earth Elementalist)     Turns: 2302, Time: 00:16:53

Health: 0/32       AC:  3    Str:  5    XL:     6   Next: 7%
Magic:  0/17       EV: 17    Int: 22    God:
Gold:   156        SH:  0    Dex: 20    Spells: 13/17 levels left

rFire    x . .     SeeInvis .   h - +5 whip
rCold    + + .     Gourm    .   (no shield)
rNeg     . . .     Faith    .   c - +0 robe
rPois    .         Spirit   .   (no helmet)
rElec    .         Reflect  .   (no cloak)
rCorr    .         Harm     .   (no gloves)
MR       .....     Rnd*Rage +   l - +0 pair of boots Stlth +++.......Rnd*Tele +
                                (no amulet)
Regen    0.0/turn               m - ring of ice
MPRegen  0.2/turn               (no ring)

@: agile, lethally poisoned (0 -> -17), very slightly contaminated, heavily
drained
A: berserk 1, cold resistance 1, inhibited regeneration, teleportitis 1
a: no special abilities


You were on level 4 of the Dungeon.
You were not hungry.

You visited 1 branch of the dungeon, and saw 4 of its levels.

You collected 156 gold pieces.

Inventory:

Hand Weapons
 h - a +5 whip (weapon)
Missiles
 b - 31 stones (quivered)
Armour
 c - a +0 robe (worn)
 j - a +0 helmet
 l - a +0 pair of boots (worn)
 s - a cursed +0 leather armour
Jewellery
 m - a ring of ice (left hand)
Scrolls
 a - a scroll of enchant armour {unknown}
 f - a scroll of blinking {unknown}
 g - a scroll of teleportation {unknown}
 k - 2 scrolls of remove curse
 n - a scroll of amnesia {unknown}
 o - a scroll of noise {unknown}
 p - a scroll of recharging {unknown}
 u - a scroll of identify {unknown}
Potions
 q - a potion of resistance {unknown}
 r - a potion of mutation
 t - a potion of agility
Books
 e - a book of Geomancy

   Spells                             Type                      Level
   a - Sandblast                      Earth                        1
   b - Passwall                       Transmutation/Earth          2
   c - Stone Arrow                    Conjuration/Earth            3
   d - Petrify                        Transmutation/Earth          4
   e - Lee's Rapid Deconstruction     Earth                        5
 v - a book of Changes

   Spells                             Type                      Level
   a - Beastly Appendage              Transmutation                1
   b - Sticks to Snakes               Transmutation                2
   c - Spider Form                    Transmutation/Poison         3
   d - Ice Form                       Ice/Transmutation            4
   e - Blade Hands                    Transmutation                5
Comestibles
 d - 4 bread rations


   Skills:
 + Level 0.2(0.0) Fighting
 + Level 2.8(1.1) Dodging
 + Level 3.2(1.5) Stealth
 + Level 6.3(4.4) Spellcasting
   Level 1.1(0.0) Transmutations
 + Level 5.3(3.5) Earth Magic


You had 13 spell levels left.
You knew the following spells:

 Your Spells              Type           Power        Failure   Level  Hunger
a - Sandblast             Erth           ###...       2%          1    None
b - Stone Arrow           Conj/Erth      ##....       17%         3    ##.....


Dungeon Overview and Level Annotations

Branches:
Dungeon (4/15)
 Temple: D:4-7

Altars:

Annotations:
D:4 dogface's ghost, amateur NaIE


Innate Abilities, Weirdness & Mutations

You tend to lose your temper in combat.
Your flesh is cold resistant. (rC+)
You do not regenerate when monsters are visible.
You are occasionally teleported next to monsters.


Message History

You don't have enough magic to cast that spell.
Unknown command.
You closely miss the scorpion.
The scorpion is almost dead.
* * * LOW HITPOINT WARNING * * *
You feel sick. The scorpion barely misses you. The scorpion stings you.
* * * LOW HITPOINT WARNING * * *
You are more poisoned.
The scorpion poisons you!
Dogface's ghost (amateur Naga Ice Elementalist) comes into view.
It was a potion of agility.
You feel agile all of a sudden.
* * * LOW HITPOINT WARNING * * *
You feel sick. The scorpion completely misses you.
It was a potion of mutation.
You feel extremely strange.
You feel a little pissed off.
Your regeneration stops near monsters.
You feel weirdly uncertain.
You feel resistant to cold.
* * * LOW HITPOINT WARNING * * *
You feel sick. The scorpion stings you.
You die...

....# ..###...# ....#
........# ....#
........# # ....#
#.......####.. ....#
#.........%... ....#
#####.............
....###.................
.....#...##....##.....##
##...#..........@s......
##...#....###...........
##...#....#...".#...####
##...##.#.#.....#...#
##...##.#.#.....#..W#
......................
#######.#.###.#........
.. ................. ...
#.#.###.#.....


You could see a scorpion and dogface's ghost (wandering).

Vanquished Creatures
  An orc priest (D:3)
  2 orc wizards
  2 worker ants (D:4)
  3 gnolls (D:3)
  5 adders
  An ooze (D:2)
  A worm (D:3)
  2 dart slugs
  3 leopard geckos
  3 orcs
  A ball python (D:1)
  2 giant cockroaches
  7 goblins
  7 hobgoblins
  4 jackals (D:3)
  2 quokkas
  9 bats
  2 frilled lizards (D:1)
  10 kobolds
  8 rats
75 creatures vanquished.

Notes
Turn   | Place    | Note
-------+----------+-------------------------------------------
     0 | D:1      | Icer the Deep Elf Earth Elementalist began the quest for the Orb.
     0 | D:1      | Reached XP level 1. HP: 10/10 MP: 6/6
   193 | D:1      | Reached XP level 2. HP: 15/15 MP: 6/8
  1007 | D:2      | Reached XP level 3. HP: 19/19 MP: 8/10
  1014 | D:2      | Reached skill level 4 in Spellcasting
  1115 | D:2      | Reached XP level 4. HP: 15/24 MP: 4/12
  1583 | D:3      | Reached skill level 5 in Spellcasting
  1589 | D:2      | Reached XP level 5. HP: 25/28 MP: 5/14
  1720 | D:3      | Reached skill level 5 in Earth Magic
  1734 | D:3      | Learned a level 3 spell: Stone Arrow
  2244 | D:4      | Reached skill level 6 in Spellcasting
  2248 | D:4      | Reached XP level 6. HP: 32/32 MP: 5/17
  2301 | D:4      | Noticed dogface's ghost (amateur NaIE)
  2302 | D:4      | Gained mutation: You tend to lose your temper in combat. [potion of mutation]
  2302 | D:4      | Gained mutation: You do not regenerate when monsters are visible. [potion of mutation]
  2302 | D:4      | Gained mutation: You are occasionally teleported next to monsters. [potion of mutation]
  2302 | D:4      | Gained mutation: Your flesh is cold resistant. (rC+) [potion of mutation]
  2302 | D:4      | Slain by a scorpion

Vault maps used:
D:1:      lemuel_arrival_broad_hall
D:4:      minmay_temple_entry_crystal_x, first_bread

Skill      XL: |  1  2  3  4  5 |
---------------+----------------+-----
Spellcasting   | 4 5 6 |  6.3
Earth Magic    | 4 5 |  5.3
Stealth        | 3 |  3.2
Fighting       | |  0.2
Dodging        | |  2.8
Transmutations | |  1.1

Action                   |  1- 3 |  4- 6 || total
-------------------------+-------+-------++-------
Melee: Unarmed           |    14 |     1 ||    15
       Whip              |       |    10 ||    10
 Cast: Sandblast         |    35 |    69 ||   104
       Stone Arrow       |       |     5 ||     5
  Use: Potion            |       |     5 ||     5
       Scroll            |       |     1 ||     1
  Eat: Bread ration      |       |     1 ||     1
Armor: Robe              |     2 |    10 ||    12
Dodge: Dodged            |    22 |    41 ||    63
